 Dungeon Crawl Stone Soup version 0.30-a0-996-ga6910c8ee8 (webtiles) character file.

Game seed: 5727649136804885916

14 Zeldest the Caller (level 2, -1/14 HPs)
             Began as a Vine Stalker Summoner on Apr 4, 2023.
             Slain by a scorpion (3 damage)
             ... on level 3 of the Dungeon.
             The game lasted 00:01:40 (256 turns).

Zeldest the Caller (Vine Stalker Summoner)           Turns: 256, Time: 00:01:40

Health: -1/14      AC:  2    Str: 16    XL:     2   Next: 45%
Magic:  0/6        EV: 12    Int: 15    God:
Gold:   4          SH:  0    Dex: 14    Spells: 5/6 levels left

rFire   . . .      SeeInvis .    e - +0 quarterstaff
rCold   . . .      Faith    .    (shield currently unavailable)
rNeg    . . .      Spirit   +    a - +0 robe
rPois   .          Reflect  .    (no helmet)
rElec   .          Rampage  .    (no cloak)
rCorr   .                        (no gloves)
Will    .....                    (no boots)
Stlth   ++                       (no amulet)
HPRegen 0.22/turn                d - +6 ring of strength
MPRegen 0.10/turn                (no ring)

@: lethally poisoned (-1 -> -4)
A: fangs 2, magic shield, antimagic bite, no potion heal 2
a: no special abilities


You were on level 3 of the Dungeon.
You visited 1 branch of the dungeon, and saw 3 of its levels.

You collected 4 gold pieces.

Inventory:

Hand Weapons
 e - a +0 quarterstaff (weapon)
Armour
 a - a +0 robe (worn)
Magical Staves
 i - a staff of cold
Jewellery
 d - a +6 ring of strength (left hand)
Scrolls
 c - a scroll of magic mapping {unknown}
 h - a scroll of poison {unknown}
Potions
 b - a potion of magic
 f - a potion of curing {unknown}
 g - a potion of haste {unknown}


   Skills:
 + Level 0.8 Fighting
 - Level 1.5 Dodging
 - Level 2.4 Stealth
 + Level 2.5 Spellcasting
 + Level 4.2 Summonings


You had 5 spell levels left.
You knew the following spells:

 Your Spells              Type           Power      Damage    Failure   Level
a - Summon Small Mammal   Summ           56%        N/A       3%          1

Your spell library contained the following spells:

 Spells                   Type           Power      Damage    Failure   Level
 Call Imp                 Summ           14%        N/A       5%          2
 Call Canine Familiar     Summ           14%        N/A       11%         3
 Summon Guardian Golem    Hex/Summ       8%         N/A       26%         3
 Summon Lightning Spire   Summ/Air       8%         N/A       65%         4


Dungeon Overview and Level Annotations

Branches:
Dungeon (3/15) Zot: 17736

Altars:


Innate Abilities, Weirdness & Mutations

You have extremely sharp teeth.
When hurt, damage is shared between your health and your magic reserves.
Your bite disrupts and absorbs the magic of your enemies.
Potions cannot restore your health.


Message History

Your bat hits the scorpion but does no damage.
The scorpion misses you. The scorpion stings you.
Your bat barely misses the scorpion.
You hit the scorpion. Your bite misses the scorpion.
The scorpion is moderately wounded.
Your bat completely misses the scorpion.
The scorpion misses you.
You barely miss the scorpion.
The scorpion is moderately wounded.
Your bat completely misses the scorpion.
The scorpion stings you.
Your rat bites the scorpion but does no damage.
The scorpion stings you.
You hit the scorpion but do no damage. Your bite misses the scorpion.
The scorpion is moderately wounded.
Your bat hits the scorpion but does no damage. x2
Your rat bites the scorpion but does no damage.
Your bat barely misses the scorpion.
The scorpion barely misses you.
Your magical contamination has completely faded away.
You barely miss the scorpion.
The scorpion is moderately wounded.
Your bat barely misses the scorpion.
Your rat barely misses the scorpion.
The scorpion stings you.
You are poisoned.
The scorpion poisons you! The scorpion closely misses you.
Your rat barely misses the scorpion.
You barely miss the scorpion.
The scorpion is moderately wounded.
You feel very sick.
Your bat barely misses the scorpion. x2; Your bat closely misses the scorpion.
The scorpion stings you.
* * * LOW HITPOINT WARNING * * *
Your rat bites the scorpion.
You hit the scorpion but do no damage.
You bite the scorpion, but do no damage.
The scorpion is moderately wounded.
* * * LOW HITPOINT WARNING * * *
You feel sick.
Your bat closely misses the scorpion.
Your bat hits the scorpion. The scorpion stings you.
You die...

# # .#.#
###.#.#
#.....#
######s#.#.#
#....@rb...#
.#.####.#.#.##
.......<.....#
$.#######.##.#
.# #


You could see a scorpion (ally target), a friendly bat (summoned) and a friendly
rat (summoned).

Vanquished Creatures
  A ball python (D:2)
  3 endoplasms (D:1)
  A giant cockroach (D:1)
  A hobgoblin (D:1)
  A frilled lizard (D:1)
  A goblin (D:1)
  2 kobolds
  2 rats (D:1)
12 creatures vanquished.

Vanquished Creatures (collateral kills)
  A ball python (D:1)
1 creature vanquished.

Grand Total: 13 creatures vanquished

Notes
Turn   | Place    | Note
-------+----------+-------------------------------------------
     0 | D:1      | Zeldest the Vine Stalker Summoner began the quest for the
                  | Orb.
     0 | D:1      | Reached XP level 1. HP: 9/9 MP: 4/4
   151 | D:1      | Reached XP level 2. HP: 14/14 MP: 4/6
   245 | D:3      | Noticed a scorpion
   256 | D:3      | Slain by a scorpion

Illustrated notes

Levels and vault maps discovered:
D:1:      co_arrival_random_square_maze, layout_loops_ring, chequers_jeans
D:2:      layout_rooms, serial_shops, nicolae_shop_crystal, minmay_pentomino_s4
D:3:      layout_loops_ring, nicolae_overflow_hidden_temple, old_standard_altar,
          nicolae_overflow_ecumenical_swirl,
          mainiacjoe_overflow_large_starburst, serial_shops, nicolae_shop_trees,
          kennysheep_generic_room_13, uniq_crazy_yiuf_cottage

Action                     || total
---------------------------++-------
  Melee: Quarterstaff      ||    27
         Bite              ||     6
         Unarmed           ||     1
   Cast: Summon Small Mamm ||    11
   Stab: Sleeping          ||     2
         Distracted        ||     1
 Armour: Robe              ||     1
  Dodge: Dodged            ||    15

Table legend: (Time is in decaauts)
 A = Elapsed time spent in this place.
 B = Non-inter-level travel time spent in this place.
 C = Inter-level travel time spent in this place.
 D = Time resting spent in this place.
 E = Time spent auto-exploring this place.
 F = Levels seen in this place.
 G = Mean time per level.
                   A        B        C        D        E       F      G
               +--------+--------+--------+--------+--------+-----+--------+
         Total |    262 |    262 |      0 |      0 |      0 |   3 |   87.3 |
       Dungeon |    262 |    262 |      0 |      0 |      0 |   3 |   87.3 |
               +--------+--------+--------+--------+--------+-----+--------+

Top non-repeatable levels by time:
     D:1: 230 daAuts
     D:2: 19 daAuts
     D:3: 12 daAuts
